 Dungeon Crawl Stone Soup version 0.28.0-45-g0d030f2227 (webtiles) character file.

Game seed: 14222350759761151994

6006 Icepheonix32 the Fighter (level 10, 0/89 HPs)
             Began as a Demonspawn Fighter on Apr 12, 2022.
             Was a Priest of Okawaru.
             Slain by a shadow (7 damage)
             ... on level 9 of the Dungeon.
             The game lasted 00:17:58 (9298 turns).

Icepheonix32 the Fighter (Demonspawn Fighter)       Turns: 9298, Time: 00:17:58

Health: 0/89       AC: 12    Str: 26    XL:     10   Next: 56%
Magic:  14/14      EV: 10    Int: 13    God:    Okawaru [***...]
Gold:   539        SH:  9    Dex: 16    Spells: 8/12 levels left

rFire   . . .      SeeInvis +   o - +7 long sword
rCold   . . .      Faith    +   K - +0 kite shield
rNeg    . . .      Spirit   .   T - +0 swamp dragon scales
rPois   +          Reflect  .   (helmet restricted)
rElec   .          Harm     .   S - scarf {+Inv}
rCorr   .          Rampage  .   P - +0 pair of gloves
Will    .....                   y - +1 pair of boots
Stlth   +.........              G - amulet of faith
HPRegen 0.24/turn               B - ring of see invisible
MPRegen 0.14/turn               z - +6 ring of strength

@: unable to read
A: horns 1, foul stench 1, big brain 2, demonic magic 1, agile 1, inability to
read while threatened
a: Renounce Religion, Evoke Invisibility, Heroism


You were on level 9 of the Dungeon.
You worshipped Okawaru.
Okawaru was most pleased with you.
You visited 1 branch of the dungeon, and saw 9 of its levels.
You also visited: Sewer.

You collected 539 gold pieces.

Inventory:

Hand Weapons
 o - a +7 long sword (weapon)
 p - a +1 dagger of venom
 x - a +1 hand axe of electrocution
 H - a +5 hand axe
 I - a +4 flail
 J - a +2 spear
 M - a +0 hand crossbow
 O - a +3 scimitar of freezing
Missiles
 h - 10 boomerangs (quivered)
 E - 25 poisoned darts
 N - 29 bolts
 R - a throwing net
Armour
 c - a +0 buckler
 y - a +1 pair of boots (worn)
 K - a +0 kite shield (worn)
 P - a +0 pair of gloves (worn)
 S - a scarf of invisibility (worn)
 T - +0 swamp dragon scales (worn)
Magical Staves
 j - a staff of earth
Jewellery
 g - an amulet of regeneration
 m - a +4 ring of protection
 z - a +6 ring of strength (right hand)
 B - a ring of see invisible (left hand)
 G - an amulet of faith (around neck)
 L - a ring of ice
Wands
 d - a wand of acid (9)
 l - a wand of iceblast (19)
 t - a wand of flame (32)
Scrolls
 a - a scroll of blinking
 e - a scroll of enchant weapon
 i - 2 scrolls of fear
 n - 2 scrolls of teleportation
 q - a scroll of vulnerability
 w - 3 scrolls of identify
 A - 2 scrolls of magic mapping
Potions
 f - 2 potions of flight
 k - a potion of brilliance
 r - a potion of heal wounds
 s - 3 potions of magic
 u - a potion of berserk rage
 v - a potion of invisibility
 C - 2 potions of might
 D - a potion of resistance
 F - a potion of haste
 Q - 2 potions of curing


   Skills:
 + Level 12.1 Fighting
 + Level 4.6 Long Blades
 - Level 1.6 Axes
 + Level 0.2 Throwing
 + Level 5.5 Armour
 + Level 2.0 Dodging
 + Level 1.2 Stealth
 * Level 4.4 Shields
 * Level 1.5 Spellcasting
 * Level 2.0 Hexes
 * Level 6.6 Invocations
 * Level 0.6 Evocations


You had 8 spell levels left.
You knew the following spells:

 Your Spells              Type           Power      Damage    Failure   Level
a - Slow                  Hex            24%        N/A       43%         1
b - Confusing Touch       Hex            6%         N/A       82%         3

Your spell library contained the following spells:

 Spells                   Type           Power      Damage    Failure   Level
 Magic Dart               Conj           0%         1d3       75%         1
 Ensorcelled Hibernation  Hex/Ice        6%         N/A       75%         2
 Passwall                 Tmut/Erth      0%         N/A       86%         2
 Sublimation of Blood     Necr           0%         N/A       86%         2
 Mephitic Cloud           Conj/Pois/Air  0%         N/A       98%         3
 Swiftness                Air            0%         N/A       98%         3
 Vampiric Draining        Necr           0%         2d6       98%         3
 Petrify                  Tmut/Erth      0%         N/A       100%        4
 Irradiate                Conj/Tmut      0%         3d13      100%        5
 Call Imp                 Summ           Unusable   N/A       N/A         2

Dungeon Overview and Level Annotations

Branches:
Dungeon (9/15)             Temple (0/1) D:6            Lair (0/6) D:8
  Sewer (visited)
    Orc: D:9-12

Altars:
Dithmenos
Elyvilon
Hepliaklqana
Okawaru
Ru
Uskayaw

Shops:
D:6 (

Annotations:
D:3 1 runed translucent door, Crazy Yiuf
D:8 Erica


Innate Abilities, Weirdness & Mutations

You have a pair of small horns on your head.
You may rarely emit foul miasma when damaged in melee.
You have an extremely huge brain. (Int +4)
Spells you cast may paralyse adjacent enemies.
You are agile. (Dex +2)
You sometimes lose the ability to read scrolls when taking damage.


Message History

The orc priest barely misses you. The shadow hits you!
Your Hexes skill increases to level 2!
The orc priest calls down the wrath of Beogh upon you.
Beogh smites you!
You feel threatened and lose the ability to read scrolls!
* * * LOW HITPOINT WARNING * * *
The shadow hits you.
* * * LOW HITPOINT WARNING * * *
Things that are here:
a +0 glaive; a +0 chain mail You barely miss the orc priest.
You headbutt the orc priest.
The orc priest is heavily wounded.
The orc priest closely misses you. The shadow hits you.
The orc priest hits you with a +0 hand axe.
* * * LOW HITPOINT WARNING * * *
Unknown command.
You slash the orc priest! Your headbutt misses the orc priest.
The orc priest is almost dead.
The shadow slips into darkness.
The shadow flickers and vanishes for a moment.
The orc priest hits you but does no damage.
You block the shadow's attack.
Unknown command.
You closely miss the orc priest.
The orc priest is almost dead.
The orc priest looks satisfied for a moment.
You block the shadow's attack.
Unknown command.
You completely miss the orc priest.
The orc priest is almost dead.
The orc priest misses you. The shadow hits you.
The orc priest mumbles some strange prayers to Beogh against you.
Beogh smites you!
* * * LOW HITPOINT WARNING * * *
Unknown command.
You slash the orc priest!
You kill the orc priest!
Okawaru accepts your kill. The shadow barely misses you. The shadow hits you!
You die...

### ..# #
#.# #
#.##.##.#
#..W@)..#
####[#######
#..........#
#.##.#.###.#
# #.#.###.#
#....##.# #
#.#..##.#
#.##.#...#.#
#......#...#


You could see a shadow.

Vanquished Creatures
  A two-headed ogre (D:9)
  Psyche (D:8)
  Maggie (D:9)
  Grinder (D:4)
  A wraith (D:9)
  5 yaks (D:8)
  A steam dragon (D:9)
  A sky beast (D:6)
  2 orc warriors (D:9)
  2 ice beasts
  A hornet zombie (D:6)
  2 black bears
  3 ogres
  3 centaurs (D:9)
  4 kobold brigands
  A phantom (D:7)
  4 bullfrogs
  A gnoll sergeant (D:7)
  4 scorpions
  A water moccasin skeleton (D:5)
  9 wights
  A howler monkey (D:6)
  A centaur zombie (D:8)
  A centaur skeleton (D:7)
  A hound (D:5)
  A jelly (D:3)
  An orc priest (D:9)
  2 gnoll shamans (D:9)
  3 iguanas
  11 orc wizards
  2 killer bee zombies
  A hound zombie (D:5)
  A hound skeleton (D:4)
  Robin (D:2)
  16 gnolls
  12 river rats
  12 adders
  A white imp (D:5)
  A dart slug (D:3)
  23 orcs
  10 ball pythons
  4 bats (D:1)
  6 endoplasms
  5 giant cockroaches
  19 goblins
  7 hobgoblins
  3 quokkas
  3 frilled lizards
  29 kobolds
  26 rats
253 creatures vanquished.

Vanquished Creatures (others)
  6 fungi (D:9)
  31 plants
37 creatures vanquished.

Grand Total: 290 creatures vanquished

Notes
Turn   | Place    | Note
-------+----------+-------------------------------------------
     0 | D:1      | Icepheonix32 the Demonspawn Fighter began the quest for the
                  | Orb.
     0 | D:1      | Reached XP level 1. HP: 18/18 MP: 1/1
    60 | D:1      | Found a faded altar of an unknown god.
   110 | D:1      | Gained mutation: You have a pair of small horns on your
                  | head. [demonic ancestry]
   110 | D:1      | Reached XP level 2. HP: 24/24 MP: 2/2
   749 | D:1      | Gained mutation: You may rarely emit foul miasma when
                  | damaged in melee. [demonic ancestry]
   749 | D:1      | Reached XP level 3. HP: 29/29 MP: 3/3
  1143 | D:2      | Noticed Robin
  1179 | D:2      | Killed Robin
  1180 | D:2      | Reached skill level 4 in Fighting
  1211 | D:2      | Gained mutation: You have an unusually large brain. (Int
                  | +2) [demonic ancestry]
  1211 | D:2      | Reached XP level 4. HP: 38/38 MP: 4/4
  1602 | D:3      | Found a runed translucent door.
  1603 | D:3      | Noticed Crazy Yiuf
  1861 | D:3      | Reached skill level 5 in Fighting
  2349 | D:3      | Learned a level 1 spell: Slow
  2458 | D:4      | Reached XP level 5. HP: 37/44 MP: 5/5
  2642 | D:4      | Noticed a black bear
  2649 | D:4      | Killed a black bear
  2650 | D:4      | Reached skill level 6 in Fighting
  2650 | D:4      | Reached XP level 6. HP: 33/53 MP: 6/6
  2832 | D:4      | Noticed Grinder
  2837 | D:4      | Paralysed by Grinder for 6 turns
  2846 | D:4      | HP: 2/53 [hound skeleton (1)]
  2847 | D:4      | Killed Grinder
  2848 | D:4      | Reached skill level 7 in Fighting
  3484 | D:4      | Gained mutation: You have an extremely huge brain. (Int +4)
                  | [demonic ancestry]
  3484 | D:4      | Reached XP level 7. HP: 17/61 MP: 7/7
  3991 | D:5      | Entered Level 5 of the Dungeon
  4071 | D:5      | Reached skill level 8 in Fighting
  4215 | D:5      | Found a shadowy altar of Dithmenos.
  4216 | D:5      | Found a hide-covered altar of Uskayaw.
  4421 | D:5      | Reached skill level 9 in Fighting
  4723 | D:5      | Gained mutation: Your magical capacity is low. (-10% MP)
                  | [potion of mutation]
  4807 | D:6      | Reached XP level 8. HP: 60/71 MP: 7/7
  4849 | D:6      | Found Furphule's Antique Weapon Boutique.
  4927 | D:6      | Reached skill level 10 in Fighting
  4976 | D:6      | Found a glowing drain.
  4985 | Sewer    | Entered a sewer
  5648 | D:6      | Reached skill level 11 in Fighting
  5780 | D:6      | Found an iron altar of Okawaru.
  5784 | D:6      | Became a worshipper of Warmaster Okawaru
  5795 | D:6      | Found a hazy altar of Hepliaklqana.
  5874 | D:6      | Found a staircase to the Ecumenical Temple.
  6019 | D:6      | Reached skill level 1 in Invocations
  6128 | D:7      | Reached XP level 9. HP: 78/80 MP: 9/9
  6256 | D:7      | Reached skill level 1 in Axes
  6269 | D:7      | Reached * piety under Okawaru
  6880 | D:8      | Found a staircase to the Lair.
  7143 | D:8      | Noticed Psyche
  7155 | D:8      | Killed Psyche
  7156 | D:8      | Reached skill level 1 in Dodging
  7430 | D:8      | Found a sacrificial altar of Ru.
  7493 | D:8      | Noticed Erica
  7507 | D:8      | HP: 3/82 [something (6)]
  7586 | D:8      | Reached skill level 12 in Fighting
  7640 | D:8      | Reached skill level 1 in Stealth
  7649 | D:8      | Reached ** piety under Okawaru
  7650 | D:8      | Reached skill level 5 in Invocations
  7659 | D:8      | Gained mutation: Spells you cast may paralyse adjacent
                  | enemies. [demonic ancestry]
  7659 | D:8      | Reached XP level 10. HP: 84/89 MP: 12/12
  7672 | D:8      | Learned a level 3 spell: Confusing Touch
  7966 | D:9      | Lost mutation: Your magical capacity is low. (-10% MP)
                  | [potion of mutation]
  7966 | D:9      | Gained mutation: You sometimes lose the ability to read
                  | scrolls when taking damage. [potion of mutation]
  7966 | D:9      | Gained mutation: You are agile. (Dex +2) [potion of
                  | mutation]
  8040 | D:9      | Noticed a two-headed ogre
  8051 | D:9      | Killed a two-headed ogre
  8052 | D:9      | Reached skill level 1 in Hexes
  8236 | D:9      | Reached skill level 1 in Spellcasting
  8834 | D:9      | Reached skill level 5 in Armour
  8992 | D:9      | Noticed Maggie
  8998 | D:9      | Killed Maggie
  8998 | D:9      | Reached *** piety under Okawaru
  9298 | D:9      | Slain by a shadow

Illustrated notes

Levels and vault maps discovered:
D:1:      evilmike_arrival_crescent, layout_loops_ring,
          dreamdust_ecumenical_altar_grove
D:2:      layout_loops_ring, uniq_robin
D:3:      layout_loops_ring, chequers_jeans, grunt_ministairs_13,
          serial_bayou_pond_c, minmay_misc_feat_iff, uniq_crazy_yiuf_cottage
D:4:      layout_gridville, uniq_grinder
D:5:      layout_basic, nicolae_overflow_squiral
D:6:      layout_cave_pools, mainiacjoe_overflow_swirl,
          minmay_temple_entry_butterflies, serial_shops,
          nicolae_shop_waterfront, lightli_sewer_entry_pipes
D:7:      layout_loops_cross
D:8:      layout_basic, chequers_temple_overflow_statue_of_worship,
          dpeg_oklobed_lair, serial_aquarium, aquarium_bridge_island_small
          [aquarium_subvault_small_water, aquarium_subvault_bridge,
          aquarium_subvault_bridge, aquarium_subvault_bridge,
          aquarium_subvault_bridge], aquarium_window_2, aquarium_window_1,
          aquarium_window_fake, aquarium_view_2e, aquarium_view_2f,
          aquarium_balcony_3b, chequers_serial_rivers_micro_e, uniq_erica,
          uniq_psyche
D:9:      kennysheep_seaside_town, layout_loops_cross, serial_shops, shop,
          uniq_maggie

Skill      XL: |  1  2  3  4  5  6  7  8  9 10 |
---------------+-------------------------------+-----
Long Blades    | 2 3 4 |  4.6
Shields        | 3 4 |  4.4
Armour         | 3 4 5 |  5.5
Fighting       | 4 5 6 7 9 11 12 | 12.1
Invocations    | 1 5 6 |  6.6
Axes           | 1 |  1.6
Dodging        | 1 2 |  2.0
Stealth        | 1 |  1.2
Hexes          | 2 |  2.0
Spellcasting   | 1 |  1.5
Throwing       | |  0.2
Evocations     | |  0.6

Action                   |  1- 3 |  4- 6 |  7- 9 | 10-12 || total
-------------------------+-------+-------+-------+-------++-------
Melee: Long sword        |    94 |    80 |    95 |    95 ||   364
       Headbutt          |     9 |    17 |    60 |    18 ||   104
       Hand axe          |       |       |   254 |       ||   254
 Fire: Hand crossbow     |       |       |     5 |     2 ||     7
Throw: Boomerang         |    14 |    14 |    17 |     1 ||    46
Invok: Heroism           |       |       |       |     3 ||     3
Evoke: Wand              |       |       |    14 |       ||    14
  Use: Potion            |       |     1 |    10 |     2 ||    13
       Scroll            |       |       |    17 |       ||    17
Armor: Scale mail        |    43 |    30 |   225 |    43 ||   341
       Swamp dragon scal |       |       |       |    16 ||    16
Dodge: Dodged            |    53 |    39 |   181 |    52 ||   325
Block: Buckler           |    17 |    19 |    95 |       ||   131
       Kite shield       |       |       |       |    54 ||    54
